 Dungeon Crawl Stone Soup version 0.25.1-2-g60ff931df9 (webtiles) character file.

Game seed: 4349795822633870045

8918 Johnny the Geomancer (level 10, 0/69 HPs)
             Began as a Demigod Earth Elementalist on Oct 7, 2020.
             Blown up by Sonja (26 damage)
             ... with a disintegration bolt
             ... on level 10 of the Dungeon.
             The game lasted 00:13:55 (10725 turns).

Johnny the Geomancer (Demigod Earth Elementalist)  Turns: 10725, Time: 00:13:55

Health: 0/69       AC: 12    Str: 11    XL:     10   Next: 95%
Magic:  7/26       EV: 11    Int: 25    God:
Gold:   298        SH:  0    Dex: 16    Spells: 13/26 levels left

rFire    + . .     SeeInvis +   a - +4 short sword (speed)
rCold    . . .     Gourm    .   (no shield)
rNeg     . . .     Faith    .   S - +0 ring mail {rF+}
rPois    .         Spirit   .   M - +0 helmet
rElec    .         Reflect  .   U - scarf {repulsion}
rCorr    .         Harm     .   (no gloves)
MR       +....                  I - +1 pair of boots
Stlth    +.........             e - amulet of regeneration
HPRegen  0.61/turn              h - +4 ring of protection
MPRegen  0.20/turn              v - ring of see invisible

@: lethally poisoned (0 -> -1), about to teleport, slowed, studying Maces &
Flails, repel missiles, very slow
A: high mp 1
a: no special abilities


You were on level 10 of the Dungeon.
You were very hungry.

You visited 1 branch of the dungeon, and saw 10 of its levels.
You also visited: Ossuary.

You collected 773 gold pieces.
You spent 475 gold pieces at shops.

Inventory:

Hand Weapons
 a - a +4 short sword of speed (weapon)
Missiles
 b - 74 stones (quivered)
Armour
 f - the cursed +0 plate armour of Action {rElec rN+ MR+++ Stlth+}
   (You took it off an orc warrior on level 9 of the Dungeon)

   It insulates you from electricity.
   It protects you from negative energy.
   It affects your resistance to hostile enchantments.
   It makes you more stealthy.
   It has a curse placed upon it.
 F - a +0 pair of boots of flying
 I - a +1 pair of boots (worn)
 M - a +0 helmet (worn)
 S - a +0 ring mail of fire resistance (worn)
 U - a scarf of repulsion (worn)
Magical Staves
 Q - an uncursed staff of wizardry
Jewellery
 e - an amulet of regeneration (around neck)
 h - a +4 ring of protection (left hand)
 v - a ring of see invisible (right hand)
 y - an uncursed amulet of the acrobat {unknown}
 C - an uncursed ring of wizardry
Wands
 c - a wand of random effects (9)
Scrolls
 i - 6 scrolls of teleportation
 j - a scroll of magic mapping
 q - 5 scrolls of remove curse
 t - 4 scrolls of immolation
 u - 2 scrolls of blinking
 w - 3 scrolls of fog
 x - 2 scrolls of enchant armour
 z - 3 scrolls of noise
 K - 6 scrolls of amnesia
 N - a scroll of silence
 T - a scroll of fear {unknown}
Potions
 g - 4 potions of might
 l - 3 potions of brilliance
 m - a potion of degeneration {unknown}
 o - 5 potions of curing
 p - a potion of berserk rage {unknown}
 r - a potion of invisibility {unknown}
 s - 5 potions of haste
 A - a potion of cancellation {unknown}
 B - 4 potions of stabbing {unknown}
 D - a potion of resistance {unknown}
 E - 2 potions of ambrosia
 G - 2 potions of lignification
 H - 3 potions of heal wounds
 J - a potion of mutation {unknown}
Books
 k - a manual of Maces & Flails
Comestibles
 d - 20 rations


   Skills:
 + Level 1.3 Armour
 - Level 1.7 Dodging
 - Level 1.7 Stealth
 + Level 8.6 Spellcasting
 - Level 0.8 Transmutations
 * Level 12.9 Earth Magic


You had 13 spell levels left.
You knew the following spells:

 Your Spells              Type           Power        Failure   Level  Hunger
a - Sandblast             Erth           ######       1%          1    None
b - Stone Arrow           Conj/Erth      #####.       2%          3    None
c - Lee's Rapid Deconstr  Erth           ######....   1%          5    ####...
d - Petrify               Tmut/Erth      #####...     8%          4    ##.....

Your spell library contained the following spells:

 Spells                   Type           Power        Failure   Level  Hunger
 Passwall                 Tmut/Erth      #####...     1%          2    None
 Foxfire                  Conj/Fire      ##..         13%         1    None
 Conjure Flame            Conj/Fire      ##......     36%         3    None
 Inner Flame              Hex/Fire       ##......     36%         3    None
 Sticky Flame             Conj/Fire      ##......     78%         4    ##.....
 Fireball                 Conj/Fire      ##........   98%         5    ####...


Dungeon Overview and Level Annotations

Branches:
Dungeon (10/15)            Temple (0/1) D:4            Lair (0/6) D:9
Ossuary (visited)
    Orc: D:9-12

Shops:
D:5 ?*!%=

Annotations:
D:9 1 runed translucent door, exclusion: 4 orange crystal statues
D:10 Sonja


Innate Abilities, Weirdness & Mutations

You have an increased reservoir of magic. (+10% MP)


Message History

An orc warrior comes into view. It is wielding a +0 halberd.
Evoke which item? (* to show all) (? for menu, Esc to quit)
Okay, then.
Sonja throws a curare-tipped dart.
The curare-tipped dart closely misses you.
Sonja throws a curare-tipped dart.
The curare-tipped dart hits you.
You are poisoned.
You have difficulty breathing.
You feel yourself slow down.
Sonja throws a curare-tipped dart.
The curare-tipped dart is repelled.
You see here 2 curare-tipped darts.
You feel sick. The troll closely misses you. The troll claws you.
The troll claws you but does no damage.
As you read the scroll of teleportation, it crumbles to dust.
You feel strangely unstable.
You feel sick. The troll bites you! The troll claws you.
The troll closely misses you.
A hippogriff comes into view.
Sonja throws a curare-tipped dart.
The curare-tipped dart closely misses you.
You feel sick.
Sonja zaps a wand.
You are blasted!
You die...

##H....##..o..
...........# ...
###+#..?......##...
.......(.().......
.......)..........
##).####..#
#...T.....# #
#...#..)..###. ..
#...#.@....... ###
... #...#...######
..# .... +.K.K...#
..# .....###'#####..
..# ................
..##########.....####
..#........'.....#
..#...##...#.....#
..#...##...#.....#


You could see a troll and Sonja.

Vanquished Creatures
  Erolcha (D:10)
  The ghost of Curus the Carver, a novice MiAK of Lugonu (D:9)
  A torpor snail (D:8)
  Prince Ribbit (D:5)
  Sigmund (D:3)
  9 yaks
  A hog (D:7)
  A human (D:7)
  A steam dragon (D:7)
  A warg (D:9)
  2 porcupines (D:9)
  6 orc warriors
  2 sky beasts
  3 black bears
  A necrophage (D:7)
  3 ogres
  4 centaurs
  A wolf (D:9)
  5 crocodiles (D:9)
  An elf zombie (D:7)
  2 big kobolds
  2 bullfrogs
  An elf skeleton (D:7)
  5 scorpions
  10 killer bees (D:10)
  8 wights
  2 crimson imps
  A bullfrog zombie (D:8)
  8 hounds
  4 orc priests
  Crazy Yiuf (D:7)
  9 orc wizards
  A centaur skeleton (D:10)
  2 iguanas
  Natasha (twice) (D:3)
  4 worker ants
  A big kobold zombie (Ossuary)
  A hound zombie (D:6)
  8 mummies (Ossuary)
  7 adders
  3 gnolls (D:6)
  2 howler monkey skeletons
  A shadow imp (D:8)
  3 oozes
  An adder skeleton (D:4)
  5 worms
  2 dart slugs
  7 leopard geckos
  32 orcs
  5 bats
  4 giant cockroaches
  3 gnoll zombies (Ossuary)
  5 hobgoblins
  6 jackals
  16 kobolds
  4 quokkas
  A ball python (D:5)
  3 frilled lizards
  11 goblins
  A hobgoblin zombie (Ossuary)
  2 kobold zombies (Ossuary)
  A leopard gecko skeleton (D:5)
  3 orc skeletons (D:7)
  2 orc zombies
  2 quokka zombies
  8 rats
258 creatures vanquished.

Vanquished Creatures (others)
  An orc (D:10)
  A quokka (D:8)
2 creatures vanquished.

Grand Total: 260 creatures vanquished

Notes
Turn   | Place    | Note
-------+----------+-------------------------------------------
     0 | D:1      | Johnny the Demigod Earth Elementalist began the quest for
                  | the Orb.
     0 | D:1      | Reached XP level 1. HP: 14/14 MP: 5/5
   199 | D:1      | Reached skill level 3 in Earth Magic
   280 | D:1      | Reached XP level 2. HP: 20/20 MP: 7/7
  1031 | D:2      | Reached XP level 3. HP: 26/26 MP: 8/8
  1072 | D:2      | Found a faded altar of an unknown god.
  1239 | D:2      | Found an iron altar of Okawaru.
  1560 | D:3      | Reached skill level 4 in Earth Magic
  1584 | D:3      | Reached XP level 4. HP: 30/33 MP: 6/10
  1751 | D:3      | Noticed Natasha
  1761 | D:3      | Killed Natasha
  1992 | D:3      | Noticed Sigmund
  2000 | D:3      | Killed Sigmund
  2000 | D:3      | Reached skill level 5 in Earth Magic
  2000 | D:3      | Reached XP level 5. HP: 38/38 MP: 7/13
  2197 | D:3      | Noticed Natasha
  2204 | D:3      | Killed Natasha
  2204 | D:3      | Reached XP level 6. HP: 39/45 MP: 12/14
  2288 | D:4      | Reached skill level 6 in Earth Magic
  2504 | D:4      | Found a staircase to the Ecumenical Temple.
  2684 | D:4      | Reached XP level 7. HP: 50/50 MP: 11/16
  3212 | D:4      | Reached skill level 7 in Earth Magic
  3325 | D:4      | Found a hide-covered altar of Uskayaw.
  3500 | D:5      | Entered Level 5 of the Dungeon
  3517 | D:5      | Found a burning altar of Makhleb.
  3577 | D:5      | Found Muvijufa's Distillery.
  3579 | D:5      | Bought a potion of ambrosia for 112 gold pieces
  3579 | D:5      | Bought a potion of lignification for 42 gold pieces
  3579 | D:5      | Bought a potion of heal wounds for 70 gold pieces
  3584 | D:5      | Noticed Prince Ribbit
  3594 | D:5      | Killed Prince Ribbit
  3618 | D:5      | Learned a level 3 spell: Stone Arrow
  3624 | D:5      | Learned a level 5 spell: Lee's Rapid Deconstruction
  3629 | D:5      | Learned a level 4 spell: Petrify
  3687 | D:5      | Found Meungo Mipt's Assorted Antiques.
  3761 | D:5      | Found Kifyf's Magic Scroll Shoppe.
  3855 | D:5      | Found Vyomp's Food Boutique.
  3982 | D:5      | Reached skill level 5 in Spellcasting
  3982 | D:5      | Reached XP level 8. HP: 57/57 MP: 15/19
  4053 | D:5      | Reached skill level 8 in Earth Magic
  4284 | D:5      | Found Meuruiru's Jewellery Emporium.
  4910 | D:6      | Reached skill level 9 in Earth Magic
  5097 | D:6      | Found a shattered altar of Ashenzari.
  5602 | D:7      | Found a sand-covered staircase.
  5608 | Ossuary  | Entered an ossuary
  6104 | D:7      | Reached XP level 9. HP: 61/61 MP: 20/22
  6369 | D:7      | Found an ancient bone altar of Kikubaaqudgha.
  6500 | D:7      | Reached skill level 10 in Earth Magic
  6901 | D:7      | Found a runed translucent door.
  6902 | D:7      | Noticed Crazy Yiuf
  7211 | D:7      | Killed Crazy Yiuf
  7302 | D:5      | Bought a scroll of fog for 26 gold pieces
  7302 | D:5      | Bought a scroll of noise for 13 gold pieces
  7302 | D:5      | Bought a scroll of identify for 26 gold pieces
  7302 | D:5      | Bought a scroll of identify for 26 gold pieces
  7302 | D:5      | Bought a scroll of identify for 26 gold pieces
  7302 | D:5      | Bought a scroll of identify for 26 gold pieces
  7321 | D:5      | Bought a scroll of identify for 54 gold pieces
  7321 | D:5      | Bought a scroll of identify for 54 gold pieces
  7404 | D:8      | Noticed a two-headed ogre
  7409 | D:8      | Noticed a torpor snail
  7409 | D:8      | a two-headed ogre changed into a torpor snail
  7416 | D:8      | Killed a torpor snail
  7416 | D:8      | Reached skill level 11 in Earth Magic
  7465 | D:8      | Found a shattered altar of Ashenzari.
  7483 | D:8      | Found a stormy altar of Qazlal.
  7495 | D:8      | Found an ornate altar of the Wu Jian Council.
  7907 | D:8      | Found a white marble altar of Elyvilon.
  8586 | D:9      | Found a runed translucent gate.
  8587 | D:9      | Found a runed translucent gate.
  8588 | D:9      | Found a runed translucent gate.
  8589 | D:9      | Noticed Curus's ghost (novice MiAK)
  8589 | D:9      | Identified the cursed +0 plate armour of Action {rElec rN+
                  | MR+++ Stlth+}
  8595 | D:9      | Found a roughly hewn altar of Beogh.
  8624 | D:9      | Found a staircase to the Lair.
  8630 | D:9      | Reached XP level 10. HP: 64/69 MP: 14/25
  8843 | D:9      | Found a runed translucent door.
  8873 | D:9      | Found a runed translucent door.
  8877 | D:9      | Found the +10 tower shield of Ignorance {rN+ Int-4}
  8892 | D:9      | Noticed an orange crystal statue
  8916 | D:9      | Noticed an orange crystal statue
  8916 | D:9      | Noticed an orange crystal statue
  8916 | D:9      | Noticed an orange crystal statue
  9356 | D:9      | Reached skill level 12 in Earth Magic
  9851 | D:9      | Killed Curus's ghost
 10169 | D:9      | Got an ichor-stained chain mail
 10196 | D:9      | Identified the cursed +0 chain mail "Tuorchifo" {rN+ Str+2
                  | Dex+3 SInv} (You found it on level 9 of the Dungeon)
 10282 | D:10     | Entered Level 10 of the Dungeon
 10335 | D:10     | Found a shadowy altar of Dithmenos.
 10711 | D:10     | Noticed Erolcha
 10715 | D:10     | Killed Erolcha
 10715 | D:10     | Reached skill level 1 in Armour
 10718 | D:10     | Noticed Sonja
 10725 | D:10     | Blown up by Sonja

Illustrated notes

Levels and vault maps discovered:
D:1:      kilobyte_arrival_exit_the_forest, layout_basic,
          chequers_serial_rivers_micro_b
D:2:      layout_rooms, okawaru_ov_weapons_minmay,
          chequers_ecumenical_altar_simple, minmay_tree_intersection,
          wander_ebering_terrifying_dragon_lair
D:3:      layout_basic, minmay_distorted, uniq_sigmund, uniq_natasha
D:4:      minmay_spotlight, layout_loops_ring, kennysheep_mini,
          minmay_temple_entry_gardened_gates, minmay_manual_mandibuliform
D:5:      layout_loops_ring, nicolae_overflow_hidden_temple, serial_shops,
          nicolae_shop_stone, shop, shop, shop, shop, first_ration,
          uniq_prince_ribbit1
D:6:      layout_loops_ring, old_standard_altar, hangedman_decor_push
D:7:      layout_basic, kiku_gazebo_garden_becter,
          nicolae_ossuary_entry_catacombs, grunt_livestock, dk_noncrumbling_4,
          uniq_crazy_yiuf_cottage
D:8:      layout_cave_pods, grunt_temple_overflow_open, elyvilon_altar_4,
          basic_altar
D:9:      layout_irregular_city, minmay_lair_entry_grove,
          biasface_ghost_orc_armoury, minmay_misc_feat_plants,
          chequers_guarded_unrand_ignorance
D:10:     layout_stronghold, erik_orc_4, nicolae_dithmenos_the_darkroom,
          uniq_erolcha, uniq_sonja

Skill      XL: |  1  2  3  4  5  6  7  8  9 10 |
---------------+-------------------------------+-----
Earth Magic    | 3 4 5 6 7 9 11 12 | 12.9
Spellcasting   | 2 3 4 5 6 7 8 |  8.6
Armour         | 1 |  1.3
Dodging        | |  1.7
Stealth        | |  1.7
Transmutations | |  0.8

Action                   |  1- 3 |  4- 6 |  7- 9 | 10-12 || total
-------------------------+-------+-------+-------+-------++-------
Melee: Short sword       |   120 |    64 |   345 |   101 ||   630
Throw: Stone             |       |       |       |     1 ||     1
 Cast: Sandblast         |    10 |    46 |    82 |    32 ||   170
       Stone Arrow       |       |       |    41 |     9 ||    50
       Lee's Rapid Decon |       |       |     4 |    25 ||    29
       Petrify           |       |       |       |     2 ||     2
 Abil: Stop Flying       |       |       |     1 |       ||     1
Evoke: Wand              |       |       |     5 |     7 ||    12
  Use: Scroll            |       |       |    18 |     3 ||    21
       Potion            |       |       |     2 |       ||     2
 Stab: Sleeping          |    13 |     2 |     2 |       ||    17
  Eat: Chunk             |     2 |     4 |    16 |    10 ||    32
       Ration            |       |       |     1 |       ||     1
Armor: Robe              |    26 |    18 |    49 |       ||    93
       Steam dragon scal |       |       |    56 |       ||    56
       Ring mail         |       |       |       |    49 ||    49
Dodge: Dodged            |    56 |    38 |   188 |    92 ||   374
       Repelled          |       |       |       |     7 ||     7
